Map: Deathaura LE

Players

INnoVation

  • Race: Terran Terran
  • League: Grandmaster
  • Spawn Location: 11:00

TYTY (TY) - Winner!

  • Race: Terran Terran
  • League: Grandmaster
  • Spawn Location: 5:00

VOD

Have the link to the VOD?

Description

Time

  • Played on: Jan. 16, 2021, 9:10 a.m.
  • Length: 3:48
Show
View Real Time Build Order
Export as new Build Order

INnoVation Terran 

Build Orders:  

Get SALT Encoding   

  12  0:00  SCV  
  13  0:12  SCV  
  14  0:17  Supply Depot  
  14  0:24  SCV  
  15  0:38  SCV  
  15  0:40  Barracks  
  16  0:43  Refinery  
  16  0:50  SCV  
  16  0:54  Refinery  
  17  1:02  SCV  
  18  1:15  SCV  
  19  1:27  Orbital Command, Reaper  
  19  1:29  Supply Depot  
  20  1:41  Factory  
  20  1:53  SCV  
  21  1:59  Reaper  
  22  2:05  SCV  
  23  2:17  SCV  
  23  2:21  Command Center  
  24  2:26  Hellion  
  26  2:30  SCV  
  26  2:31  Reaper  
  28  2:37  Supply Depot  
  28  2:42  SCV  
  29  2:48  Hellion  
  31  2:57  Starport  
  31  2:59  SCV  
  31  3:04  Barracks Reactor  
  32  3:07  Marine  
  32  3:09  Widow Mine  
  33  3:15  SCV  
  30  3:30  SCV  
Show
View Real Time Build Order
Export as new Build Order

TYTY Terran - Winner!

Build Orders:  

Get SALT Encoding   

  12  0:00  SCV  
  13  0:12  SCV  
  14  0:17  Supply Depot  
  14  0:24  SCV  
  15  0:39  SCV  
  16  0:43  Barracks  
  16  0:46  Refinery  
  16  0:51  SCV  
  17  0:57  Refinery  
  17  1:03  SCV  
  18  1:15  SCV  
  20  1:35  Orbital Command  
  19  1:40  Barracks Tech Lab  
  19  1:44  Factory  
  19  1:50  Supply Depot  
  19  1:58  Marauder  
  19  1:59  Concussive Shells  
  19  2:01  SCV  
  22  2:13  SCV  
  23  2:19  Marauder  
  25  2:25  SCV  
  25  2:28  Hellion  
  28  2:32  Supply Depot  
  27  2:37  SCV  
  27  2:41  Marauder  
  30  2:49  SCV  
  31  2:54  Hellion  
  33  3:01  SCV  
  33  3:02  Marauder  
  36  3:13  SCV  
  36  3:16  Hellion  
  37  3:24  Marauder  
  37  3:30  Command Center  
  35  3:44  Factory Tech Lab  
Tags
 
Add a new tag
Caveats
  • Supply blocks, unpowered buildings, or Contaminate may cause inaccurate times.
  • Supply counts are checked every 10 seconds.